 Dungeon Crawl Stone Soup version 0.16-a0-3154-g62f4276 (webtiles) character file.

1239 Peztopiary the Sneak (level 8, -3/54 HPs)
             Began as a Lacertilian Berserker on Aug 10, 2015.
             Was a Follower of Dithmenos.
             Slain by a wight
             ... wielding a +0 trident
              (5 damage)
             ... on level 5 of the Dungeon.
             The game lasted 00:31:44 (3769 turns).

Peztopiary the Sneak (Lacertilian Berserker)        Turns: 3769, Time: 00:31:45

Health: -3/54      AC: 15    Str: 19    XL:     8   Next: 25%
Magic:  6/6        EV:  6    Int:  8    God:    Dithmenos [*.....]
Gold:   208        SH:  0    Dex: 13    Spells: 0 memorised, 7 levels left

rFire  . . .     SeeInvis .     h - -1 hunting sling (curse)
rCold  . . .     Clarity  .     e - +0 plate armour
rNeg   . . .     SustAb   .     (no shield)
rPois  .         Gourm    .     (no helmet)
rElec  .         Spirit   .     (no cloak)
rCorr  +         Warding  .     (no gloves)
rMut   .         Stasis   .     o - +0 pair of boots
MR     .....                    c - amulet of resist corrosion
Stlth  ..........               (no ring)
                                p - +1 ring of slaying

@: wreathed by umbra, drained, not resistant to hostile enchantments, extremely
unstealthy
A: strong connection with the divine, slimy green scales 2, camouflage 2
a: Renounce Religion


You were on level 5 of the Dungeon.
You worshipped Dithmenos.
Dithmenos was aware of your devotion.
You were not hungry.

You visited 1 branch of the dungeon, and saw 5 of its levels.

You collected 292 gold pieces.
You spent 84 gold pieces at shops.

Inventory:

Hand weapons
 g - a +3 mace of draining
 h - a cursed -1 hunting sling (weapon)
 i - a +0 whip of freezing
 r - a cursed -3 short sword
Missiles
 v - 2 tomahawks
 x - 24 stones (quivered)
Armour
 b - a +0 animal skin
 d - a +0 chain mail
 e - a +0 plate armour (worn)
 l - a +0 pair of boots
 m - a +0 robe
 o - a +0 pair of boots (worn)
 s - a +0 leather armour
 t - a +0 plate armour
Jewellery
 c - an amulet of resist corrosion (around neck)
 p - a +1 ring of slaying (left hand)
 u - an uncursed ring of see invisible {unknown}
Scrolls
 f - a scroll of identify
 j - 2 scrolls of teleportation
 k - a scroll of magic mapping
 q - a scroll of fear
Comestibles
 a - 3 bread rations
 w - 3 chunks of flesh


   Skills:
 + Level 3.9(3.3) Fighting
 * Level 4.1(3.5) Maces & Flails
 * Level 0.1(1.8) Slings
 + Level 4.0(3.4) Throwing
 + Level 3.5(2.9) Armour
 + Level 2.9(2.3) Dodging
 * Level 5.1(4.5) Stealth
 + Level 3.8(3.2) Unarmed Combat


You had 7 spell levels left.
You didn't know any spells.

Dungeon Overview and Level Annotations

Branches:
Dungeon (5/15)             Temple (0/1) D:4

Altars:
Cheibriados
Dithmenos
Elyvilon
Fedhas
Okawaru
Ru
Vehumet
The Shining One

Shops:
D:4 =


Innate Abilities, Weirdness & Mutations

You have a strong connection with the divine.
You may change religions without suffering divine wrath.
You are mostly covered in slimy green scales (AC +3).
Your skin blends seamlessly with your surroundings (Stealth).


Message History

The wight is severely damaged.
The wight hits you but does no damage.
You clumsily bash the wight but do no damage.
Your tail-slap misses the wight.
The wight is severely damaged.
The wight completely misses you. The wight hits you but does no damage.
You closely miss the wight. You tail-slap the wight.
The wight is severely damaged.
The wight hits you but does no damage.
You clumsily bash the wight but do no damage.
The wight is severely damaged.
The wight hits you but does no damage.
You clumsily bash the wight but do no damage.
The wight is severely damaged.
The wight hits you but does no damage.
You closely miss the wight.
You tail-slap the wight, but do no damage.
The wight is severely damaged.
The wight hits you but does no damage. The wight hits you with a trident.
You die...

.## ..# ## #.(# #
#..# # #..# #.(#
#.(# #.(# # #.z#
## #.@# .## #..#
..## #..# ...#
#..# ..## #..# ###
#..# # #..#
######## #..#
.......########).#


You could see a wight.

Vanquished Creatures
  Pikel (D:5)
  The ghost of Vlagh999 the Poker, an average LaCK of Xom (D:4)
  A necrophage (D:3)
  An ogre (D:5)
  A scorpion (D:4)
  A water moccasin skeleton (D:5)
  A crimson imp (D:5)
  2 giant frog skeletons
  2 orc wizards
  A worker ant (D:5)
  Ijyb (D:5)
  5 adders
  2 giant mites
  7 worms
  10 giant geckos
  2 oozes
  10 orcs
  A ball python (D:2)
  8 bats
  4 giant cockroaches
  8 hobgoblins
  3 giant newts
  7 goblins
  11 kobolds
  5 rats
96 creatures vanquished.

Notes
Turn   | Place    | Note
--------------------------------------------------------------
     0 | D:1      | Peztopiary, the Lacertilian Berserker, began the quest for the Orb.
     0 | D:1      | Reached XP level 1. HP: 15/15 MP: 1/1
   144 | D:1      | Reached XP level 2. HP: 18/20 MP: 2/2
   188 | D:1      | Reached skill level 1 in Stealth
   598 | D:1      | Reached skill level 3 in Unarmed Combat
   600 | D:1      | Acquired Trog's second power
   832 | D:2      | Reached XP level 3. HP: 25/25 MP: 3/3
  1464 | D:3      | Reached XP level 4. HP: 31/31 MP: 3/3
  1567 | D:3      | Reached skill level 1 in Throwing
  1697 | D:3      | Noticed a necrophage
  1708 | D:3      | Killed a necrophage
  1708 | D:3      | Reached XP level 5. HP: 27/36 MP: 4/4
  1765 | D:3      | Reached skill level 1 in Maces & Flails
  1900 | D:3      | Found an iron altar of Okawaru.
  1900 | D:3      | Found a blossoming altar of Fedhas.
  1904 | D:3      | Fell from the grace of Trog
  1904 | D:3      | Became a worshipper of Warmaster Okawaru
  2083 | D:4      | Reached XP level 6. HP: 30/42 MP: 5/5
  2250 | D:4      | Found Unibaib's Jewellery Emporium.
  2254 | D:4      | Bought a +1 ring of slaying for 84 gold pieces
  2323 | D:4      | Found a glowing golden altar of the Shining One.
  2325 | D:4      | Found a white marble altar of Elyvilon.
  2332 | D:4      | Found a radiant altar of Vehumet.
  2334 | D:4      | Found a sacrificial altar of Ru.
  2335 | D:4      | Found a shadowy altar of Dithmenos.
  2336 | D:4      | Found a snail-covered altar of Cheibriados.
  2346 | D:4      | Fell from the grace of Okawaru
  2346 | D:4      | Became a worshipper of Dithmenos the Shadowed
  2434 | D:4      | Found a staircase to the Ecumenical Temple.
  2436 | D:4      | Noticed Vlagh999's ghost (average LaCK)
  2448 | D:4      | Killed Vlagh999's ghost
  2689 | D:4      | Gained mutation: Your skin blends seamlessly with your surroundings (Stealth). [lacertilian growth]
  2689 | D:4      | Reached XP level 7. HP: 31/46 MP: 5/5
  2911 | D:5      | Entered Level 5 of the Dungeon
  2970 | D:5      | Noticed Ijyb
  2981 | D:5      | Noticed Pikel
  2989 | D:5      | Killed Ijyb
  2995 | D:5      | Reached skill level 4 in Stealth
  3004 | D:5      | Killed Pikel
  3004 | D:5      | Reached XP level 8. HP: 41/54 MP: 6/6
  3396 | D:5      | Reached skill level 5 in Stealth
  3762 | D:5      | HP: 1/54 [wight/trident (5)]
  3769 | D:5      | Slain by a wight

Action                   |  1- 3 |  4- 6 |  7- 9 || total
-------------------------+-------+-------+-------++-------
Melee: Unarmed           |   134 |    39 |       ||   173
       Mace              |       |    84 |    43 ||   127
       Hunting sling     |       |       |    81 ||    81
 Fire: Hunting sling     |       |       |    45 ||    45
Throw: Javelin           |    24 |    21 |       ||    45
       Tomahawk          |       |    41 |    25 ||    66
       Stone             |       |       |     1 ||     1
Invok: Trog's Hand       |     1 |     1 |       ||     2
  Use: Scroll            |     6 |     6 |     5 ||    17
       Potion            |     3 |     1 |     1 ||     5
 Stab: Sleeping          |     1 |       |       ||     1
       Invisible         |       |     1 |       ||     1
  Eat: Chunk             |     2 |     5 |     4 ||    11
